 Dungeon Crawl Stone Soup version 0.23-a0-577-g2b1de94 (webtiles) character file.

142 KristoblXynda the Chopper (level 5, 0/38 HPs)
             Began as a Demonspawn Gladiator on Dec 15, 2018.
             Was an Initiate of Yredelemnul.
             Succumbed to a worker ant's poison
             ... on level 3 of the Dungeon.
             The game lasted 00:03:34 (1637 turns).

KristoblXynda the Chopper (Demonspawn Gladiator)    Turns: 1637, Time: 00:03:35

Health: 0/38       AC:  6    Str: 15    XL:     5   Next: 3%
Magic:  5/5        EV: 12    Int: 10    God:    Yredelemnul [......]
Gold:   90         SH:  0    Dex: 14    Spells: 4/4 levels left

rFire    . . .     SeeInvis .   a - +0 war axe
rCold    . . .     Gourm    .   (no shield)
rNeg     . . .     Faith    .   j - +0 ring mail (curse)
rPois    .         Spirit   .   c - +0 helmet
rElec    .         Reflect  .   (no cloak)
rCorr    .         Harm     .   (no gloves)
MR       .....                  (no boots)
Stlth    +.........             (no amulet)
HPRegen  0.12/turn              (no ring)
MPRegen  0.09/turn              (no ring)

@: lethally poisoned (0 -> -4)
A: talons 1, rot immunity
a: Renounce Religion


You were on level 3 of the Dungeon.
You worshipped Yredelemnul.
Yredelemnul was noncommittal.
You were hungry.

You visited 1 branch of the dungeon, and saw 3 of its levels.

You collected 90 gold pieces.

Inventory:

Hand Weapons
 a - a +0 war axe (weapon)
Missiles
 d - 3 throwing nets (quivered)
Armour
 c - a +0 helmet (worn)
 j - a cursed +0 ring mail (worn)
Wands
 q - a wand of enslavement (6)
Scrolls
 b - 2 scrolls of remove curse {unknown}
 i - a scroll of identify {unknown}
 k - a scroll of enchant armour {unknown}
 l - a scroll of immolation {unknown}
 m - a scroll of teleportation
 n - a scroll of enchant weapon {unknown}
Potions
 e - a potion of agility
Comestibles
 f - 7 rations
 o - 4 chunks of flesh


   Skills:
 - Level 2.0 Fighting
 * Level 4.1 Axes
 - Level 2.0 Throwing
 + Level 1.7 Armour
 + Level 3.4 Dodging


You had 4 spell levels left.
You didn't know any spells.
Your spell library was empty.

Dungeon Overview and Level Annotations

Branches:
Dungeon (3/15)

Altars:
Fedhas
Yredelemnul


Innate Abilities, Weirdness & Mutations

You have sharp toenails.
You are immune to rotting.


Message History

You feel sick.
It was a potion of magic.
Magic courses through your body.
* * * LOW HITPOINT WARNING * * *
You feel sick.
Unknown command.
There is a lethal amount of poison in your body!
There is a lethal amount of poison in your body!
There is a lethal amount of poison in your body!
* * * LOW HITPOINT WARNING * * *
You feel sick.
* * * LOW HITPOINT WARNING * * *
You feel sick.
* * * LOW HITPOINT WARNING * * *
You feel sick.
Unknown command.
Unknown command.
Unknown command.
Unknown command.
You die...
Your body rises from the dead as a mindless zombie.

......#..###.....
..##<.)))........
.....##..........#
......%)......##.#
.#..[..รท)..###...#
...........#...####
.......#..........# .#
..##.#####........# #.
. #.#..@..####...####.
#$#.....####...##.. .
.# #.......##...##.##.#
....#.......##...##....
#......_.......#..##
#.^##.......#......#
.... #.......#......#
#... ###.....##....<#
#.....##..####


There were no monsters in sight!

Vanquished Creatures
  An orc priest (D:3)
  A worker ant (D:3)
  3 adders
  A shadow imp (D:3)
  A dart slug (D:2)
  2 leopard geckos
  2 orcs (D:3)
  4 giant cockroaches
  7 goblins
  8 hobgoblins
  2 kobolds (D:2)
  A ball python (D:2)
  8 bats
  3 frilled lizards
  5 rats (D:2)
  2 fungi (D:2)
51 creatures vanquished.

Notes
Turn   | Place    | Note
-------+----------+-------------------------------------------
     0 | D:1      | KristoblXynda the Demonspawn Gladiator began the quest for
                  | the Orb.
     0 | D:1      | Reached XP level 1. HP: 16/16 MP: 1/1
    98 | D:1      | Reached skill level 3 in Axes
   123 | D:1      | Gained mutation: You are immune to rotting. [demonic
                  | ancestry]
   123 | D:1      | Reached XP level 2. HP: 19/22 MP: 2/2
   404 | D:2      | HP: 1/22 [poisoned by an adder]
   762 | D:2      | Gained mutation: You have sharp toenails. [demonic
                  | ancestry]
   762 | D:2      | Reached XP level 3. HP: 21/27 MP: 3/3
   876 | D:2      | Found a blossoming altar of Fedhas.
   886 | D:2      | Reached skill level 1 in Armour
  1485 | D:3      | Found a basalt altar of Yredelemnul.
  1585 | D:3      | Became a worshipper of Yredelemnul the Dark
  1599 | D:3      | Reached XP level 4. HP: 33/33 MP: 4/4
  1613 | D:3      | Reached skill level 4 in Axes
  1626 | D:3      | Reached XP level 5. HP: 6/38 MP: 5/5
  1634 | D:3      | HP: 1/38 [poisoned by a worker ant]
  1637 | D:3      | Succumbed to a worker ant's poison

Vault maps used:
D:1:      saegor_arrival_miasma
D:2:      minmay_door_path, fedhas_altar_3
D:3:      kennysheep_the_goblin_king, nicolae_overflow_crystal_walls,
          lemuel_crystal_altar, first_ration, uniq_terence, uniq_ijyb

Skill      XL: |  1  2  3  4 |
---------------+-------------+-----
Axes           | 3 4 |  4.1
Throwing       | 2 |  2.0
Dodging        | 3 |  3.4
Armour         | 1 |  1.7
Fighting       | |  2.0

Action                   |  1- 3 |  4- 6 || total
-------------------------+-------+-------++-------
Melee: War axe           |   132 |     8 ||   140
       Kick              |    18 |     3 ||    21
       Hand axe          |     2 |     5 ||     7
  Use: Scroll            |     3 |       ||     3
       Potion            |     2 |     2 ||     4
  Eat: Chunk             |     2 |       ||     2
Armor: Leather armour    |    34 |       ||    34
       Ring mail         |    22 |    11 ||    33
Dodge: Dodged            |   113 |    13 ||   126

Table legend:
 A = Non-vault XP
 B = Vault XP
 C = Vault XP percentage of total XP
 D = Non-vault monster count
 E = Vault monster count
 F = Vault count percentage of total count
                 A         B        C        D         E       F
            +---------+---------+-------+---------+---------+-------
      Total |     179 |      24 |  11.8 |      43 |       6 |  12.2
            +---------+---------+-------+---------+---------+-------
        D:1 |      20 |       0 |   0.0 |      11 |       0 |   0.0
        D:2 |      43 |      24 |  35.8 |      20 |       6 |  23.1
        D:3 |     116 |       0 |   0.0 |      12 |       0 |   0.0
            +---------+---------+-------+---------+---------+-------
